 Dungeon Crawl Stone Soup version 0.28.0 (webtiles) character file.

Game seed: 4606456646016414446

12539 AmazingTV the Covert (level 11, -10/58 HPs)
             Began as a Spriggan Brigand on June 29, 2022.
             Was a Follower of Trog.
             Mangled by a boulder beetle (48 damage)
             ... on level 12 of the Dungeon.
             The game lasted 01:30:46 (25026 turns).

AmazingTV the Covert (Spriggan Brigand)            Turns: 25026, Time: 01:30:46

Health: -10/58     AC:  5    Str:  7    XL:     11   Next: 63%
Magic:  0/12       EV: 24    Int: 25    God:    Trog [*.....]
Gold:   220        SH:  0    Dex: 19    Spells: 10/10 levels left

rFire   . . .      SeeInvis +   b - +1 shortbow (flame)
rCold   . . .      Faith    .   (shield currently unavailable)
rNeg    . . .      Spirit   +   w - +0 robe of Light {Int+6}
rPois   +          Reflect  .   (helmet restricted)
rElec   .          Harm     .   v - +2 cloak {Will+}
rCorr   .          Rampage  .   (gloves unavailable)
Will    ++...                   (boots unavailable)
Stlth   ++++++....              r - amulet of guardian spirit
HPRegen 0.19/turn               u - ring of poison resistance
MPRegen 0.13/turn               I - +6 ring of intelligence

@: studying 2 skills, very quick
A: very small, no large weapons, unfitting armour, see invisible, speed 3, horns
1, weak 1
a: Renounce Religion, Berserk


You were on level 12 of the Dungeon.
You worshipped Trog.
Trog was aware of your devotion.
You visited 2 branches of the dungeon, and saw 15 of its levels.
You also visited: Ossuary and Bailey.

You collected 790 gold pieces.
You spent 570 gold pieces at shops.

Inventory:

Hand Weapons
 a - the +1 rapier of Iqenac {holy, Dex+3}
   (You bought it in a shop on level 5 of the Dungeon)

   It has been blessed by the Shining One to cause great damage to the undead
   and demons.
   Dex:       It affects your dexterity (+3).
 b - a +1 shortbow of flaming (weapon)
 c - a +3 dagger of flaming
 k - a +1 vorpal falchion
 t - a +2 dagger
 H - a +0 short sword of venom
 J - the +3 long sword of a Gauntlet {spect, MP+9 Int+5 Dex-2}
   (You took it off a kobold demonologist on level 13 of the Dungeon)

   When its wielder attacks, the weapon's spirit leaps out and strikes again.
   The spirit shares a part of any damage it takes with its wielder.
   Int:       It affects your intelligence (+5).
   Dex:       It affects your dexterity (-2).
   MP:        It affects your magic capacity (+9).
Missiles
 e - a curare-tipped dart
 i - 261 stones
 l - 288 arrows (quivered ammo)
 m - 103 sling bullets
 o - 12 throwing nets
 q - 5 atropa-tipped darts
 G - 9 poisoned darts
Armour
 v - a +2 cloak of willpower (worn)
 w - the +0 robe of Light (worn) {Int+6}
   (You bought it in a shop on level 7 of the Dungeon)

   Int:       It affects your intelligence (+6).
 K - +0 acid dragon scales
Jewellery
 r - an amulet of guardian spirit (around neck)
 u - a ring of poison resistance (left hand)
 I - a +6 ring of intelligence (right hand)
 M - a ring of ice
Wands
 d - a wand of digging (4)
 f - a wand of charming (12)
 z - a wand of flame (30)
 N - a wand of iceblast (4)
Scrolls
 h - a scroll of amnesia
 j - 2 scrolls of brand weapon
 p - 5 scrolls of identify
 s - 7 scrolls of teleportation
 x - 2 scrolls of enchant armour
 y - a scroll of magic mapping
 B - a scroll of enchant weapon {unknown}
 L - a scroll of fear
Potions
 g - a potion of resistance
 n - 3 potions of heal wounds
 A - a potion of brilliance
 C - a potion of curing
 D - a potion of flight
 E - a potion of magic
 F - a potion of ambrosia


   Skills:
 + Level 6.5 Fighting
 - Level 11.0(11.4) Short Blades
 * Level 3.7(6.5) Long Blades
 - Level 4.8(6.3) Slings
 * Level 5.1 Bows
 - Level 5.3(6.0) Throwing
 + Level 10.0 Dodging
 - Level 13.0 Stealth


You had 10 spell levels left.
You didn't know any spells.
Your spell library contained the following spells:

 Spells                   Type           Power      Damage    Failure   Level
 Animate Skeleton         Necr           0%         N/A       14%         1
 Apportation              Tloc           0%         N/A       14%         1
 Slow                     Hex            0%         N/A       14%         1
 Summon Small Mammal      Summ           0%         N/A       14%         1
 Confusing Touch          Hex            0%         N/A       38%         3
 Dazzling Flash           Conj/Hex       0%         N/A       38%         3
 Vampiric Draining        Necr           0%         2d6       38%         3
 Iskenderun's Mystic Bla  Conj/Tloc      0%         2d3       80%         4
 Starburst                Conj/Fire      0%         6d3       100%        6


Dungeon Overview and Level Annotations

Branches:
Dungeon (14/15)            Temple (1/1) D:6            Lair (0/6) D:11
    Orc (0/2) D:12        Ossuary (visited)          Bailey (visited)
 Vaults: D:13-14

Altars:
Ashenzari
Cheibriados
Dithmenos
Elyvilon
Fedhas
Gozag
Hepliaklqana
Kikubaaqudgha
Makhleb
Nemelex Xobeh
Okawaru
Qazlal
Ru
Sif Muna
Trog
Uskayaw
Vehumet
Wu Jian
Xom
Yredelemnul
Zin
The Shining One

Shops:
D:1 *   D:5 =(   D:7 *   D:11 :

Annotations:
D:12 Snorg


Innate Abilities, Weirdness & Mutations

You are very small and have problems with some larger weapons.
You are too small for most types of armour.
You have supernaturally acute eyesight. (SInv)
You cover ground extremely quickly. (Speed+++)
You have a pair of small horns on your head.
You are weak. (Str -2)


Message History

The boulder beetle is severely wounded.
You see here an arrow.
You shoot an arrow.
The arrow hits the boulder beetle but does no damage.
The boulder beetle is severely wounded.
The boulder beetle hits you!!
The boulder beetle stops rolling and uncurls.
You shoot an arrow.
The arrow hits the boulder beetle but does no damage.
The boulder beetle is severely wounded.
The boulder beetle curls into a ball and begins rolling!
The boulder beetle closely misses you.
The boulder beetle stops rolling and uncurls.
Snorg the Insatiable comes into view.
Found a stone staircase leading up.
Snorg shouts!
You shoot an arrow. The arrow hits the boulder beetle.
The arrow burns the boulder beetle.
The boulder beetle is severely wounded.
You shoot an arrow.
The arrow hits the boulder beetle but does no damage.
The boulder beetle is severely wounded.
The boulder beetle leaps!
You shoot an arrow. The arrow hits Snorg!
The arrow burns Snorg.
Snorg is lightly wounded.
You shoot an arrow. The arrow closely misses Snorg.
You shoot an arrow. The arrow hits Snorg.
The arrow burns Snorg.
Snorg is lightly wounded.
You shoot an arrow. The arrow hits Snorg.
The arrow burns Snorg.
Snorg is moderately wounded.
The boulder beetle curls into a ball and begins rolling!
You shoot an arrow. The arrow closely misses Snorg.
You hear the steady crackling of a very distant melting archway.
You shoot an arrow. The arrow hits Snorg.
The arrow burns Snorg.
Snorg is lightly wounded.
There is an open door here.
There is an open door here.
The boulder beetle hits you!!!
Ouch! That really hurt!
You die...

...........(..######(......#
........°#T####....#.......#
.........#...(....('.......#
.......TB#.........#.....###
##(##..°.#...°....(#.....#
#(..#..°.#....°....'.....#
#...#...°#....°....#.....#
....'....#####○#####(....##
....#.......(.(B@.((>.......
....+.......................
....####(...................
..... #.(.....########.....
..... #.....### ...<. .....
#.....# ..... .... #.....#
.... #.....# ########°....#


You could see a boulder beetle (rolling).

Vanquished Creatures
  A boulder beetle (D:13)
  Erica (D:9)
  2 two-headed ogres
  A cyclops (D:13)
  An ugly thing (D:13)
  Joseph (D:9)
  An unseen horror (D:11)
  A kobold demonologist (D:13)
  3 trolls
  2 hornets (D:9)
  Grinder (D:5)
  Sigmund (D:3)
  A vampire (D:13)
  A water elemental (D:14)
  A wyvern (D:9)
  A steam dragon (D:5)
  4 vampire mosquitoes (D:13)
  Edmund (D:5)
  An acid dragon (D:13)
  2 water moccasins
  Duvessa (D:5)
  7 orc warriors (Bailey)
  An ice beast (D:8)
  3 ogres
  A wolf (D:4)
  17 centaurs
  2 kobold brigands (D:13)
  4 bullfrogs
  5 gnoll sergeants
  2 water moccasin zombies (Ossuary)
  A scorpion (D:6)
  3 wyvern skeletons (D:7)
  Dowan (D:5)
  9 killer bees
  5 wights (D:9)
  3 electric eels
  6 howler monkeys
  A centaur zombie (D:7)
  3 hounds (D:5)
  A jelly (D:5)
  2 orc priests (D:6)
  Crazy Yiuf (D:3)
  A bullfrog skeleton (D:3)
  3 gnoll shamans (D:5)
  4 iguanas
  Natasha (thrice) (D:3)
  3 orc wizards (D:7)
  3 mummies
  A howler monkey zombie (D:7)
  Robin (D:3)
  28 gnolls
  2 adders
  A white imp (D:7)
  An ufetubus (D:6)
  7 adder zombies (Ossuary)
  An adder skeleton (D:4)
  4 worms
  5 dart slugs
  39 orcs
  7 endoplasms
  2 giant cockroaches
  4 gnoll zombies (Ossuary)
  11 goblins
  7 hobgoblins
  13 jackals
  3 quokkas
  4 ball pythons
  3 bats
  2 frilled lizards (D:1)
  6 hobgoblin zombies
  13 kobolds
  4 kobold zombies (Ossuary)
  4 orc zombies (Ossuary)
  4 rats
301 creatures vanquished.

Vanquished Creatures (others)
  16 plants (D:14)
16 creatures vanquished.

Grand Total: 317 creatures vanquished

Notes
Turn   | Place    | Note
-------+----------+-------------------------------------------
     0 | D:1      | AmazingTV the Spriggan Brigand began the quest for the Orb.
     0 | D:1      | Reached XP level 1. HP: 10/10 MP: 2/2
    53 | D:1      | Reached XP level 2. HP: 15/15 MP: 3/3
   161 | D:1      | Reached skill level 1 in Slings
   338 | D:1      | Reached skill level 6 in Stealth
   498 | D:1      | Reached XP level 3. HP: 18/18 MP: 4/4
  2098 | D:3      | Noticed a centaur
  2099 | D:3      | Killed a centaur
  2100 | D:3      | Reached XP level 4. HP: 23/23 MP: 5/5
  2102 | D:3      | Reached XP level 5. HP: 26/26 MP: 6/6
  2123 | D:3      | Noticed Natasha
  2141 | D:3      | Killed Natasha
  2266 | D:3      | Found an iron altar of Okawaru.
  2381 | D:3      | Noticed an ogre
  2384 | D:3      | Noticed Natasha
  2388 | D:3      | Killed an ogre
  2389 | D:3      | Reached XP level 6. HP: 30/30 MP: 7/7
  2510 | D:3      | Found a faded altar of an unknown god.
  2937 | D:3      | Killed Natasha
  3232 | D:3      | Found a burning altar of Makhleb.
  3297 | D:3      | Found a runed translucent door.
  3298 | D:3      | Noticed Crazy Yiuf
  3359 | D:3      | Killed Crazy Yiuf
  3452 | D:3      | Noticed Natasha
  3461 | D:3      | Killed Natasha
  3496 | D:3      | Noticed Sigmund
  3503 | D:3      | Killed Sigmund
  3504 | D:3      | Reached skill level 7 in Stealth
  3504 | D:3      | Reached XP level 7. HP: 35/35 MP: 8/8
  3745 | D:3      | Reached skill level 5 in Short Blades
  3824 | D:3      | Noticed Robin
  3855 | D:3      | Killed Robin
  4816 | D:5      | Entered Level 5 of the Dungeon
  4985 | D:5      | Found Luoff's Weapon Shoppe.
  5010 | D:5      | Noticed Grinder
  5020 | D:5      | Noticed a steam dragon
  5027 | D:5      | Killed a steam dragon
  5304 | D:5      | Found a sand-covered staircase.
  5309 | Ossuary  | Entered an ossuary
  5780 | Ossuary  | Reached XP level 8. HP: 39/40 MP: 7/9
  5967 | Ossuary  | Reached skill level 8 in Stealth
  6186 | D:5      | Noticed Duvessa
  6188 | D:5      | Noticed Dowan
  6192 | D:5      | Killed Duvessa
  6214 | D:5      | Killed Dowan
  6942 | D:4      | Reached skill level 5 in Dodging
  7207 | D:4      | Gained mutation: You have a pair of small horns on your
                  | head. [potion of mutation]
  7207 | D:4      | Gained mutation: You are weak. (Str -2) [potion of
                  | mutation]
  7405 | D:5      | Found a shimmering blue altar of Sif Muna.
  7473 | D:5      | Killed Grinder
  7487 | D:5      | Noticed Edmund
  7497 | D:5      | Killed Edmund
  7823 | D:5      | Reached skill level 9 in Stealth
  7938 | D:5      | Bought the +1 rapier of Iqenac {holy, Dex+3} for 255 gold
                  | pieces
  8746 | D:5      | Reached XP level 9. HP: 24/45 MP: 6/10
  9148 | D:5      | Found Cuqaeq Huefo's Jewellery Shop.
  9265 | D:5      | Reached skill level 5 in Throwing
 10912 | D:6      | Found a bloodstained altar of Trog.
 10920 | D:6      | Became a worshipper of Trog the Wrathful
 11190 | D:6      | Found a staircase to the Ecumenical Temple.
 11389 | D:7      | Found a white marble altar of Elyvilon.
 12019 | D:7      | Found Geogih's Assorted Antiques.
 12025 | D:7      | Bought a scroll labelled NEOTUCV VOREA for 26 gold pieces
 12025 | D:7      | Bought a scroll labelled OWIMMO XAQE for 26 gold pieces
 12221 | D:7      | Reached skill level 10 in Stealth
 13261 | D:7      | HP: 2/46 [killer bee (5)]
 13545 | D:8      | Found a flagged portal.
 13554 | Bailey   | Entered a bailey
 13591 | Bailey   | Reached * piety under Trog
 13948 | Bailey   | Reached skill level 5 in Fighting
 13948 | Bailey   | Reached XP level 10. HP: 51/51 MP: 11/11
 16918 | Bailey   | Reached skill level 11 in Stealth
 17316 | Bailey   | Reached skill level 10 in Short Blades
 17473 | Bailey   | Identified the +1 helmet "Wixaemuc" {rElec}
 18659 | D:8      | Found a stormy altar of Qazlal.
 18659 | D:8      | Found a sparkling altar of Nemelex Xobeh.
 18664 | D:8      | Found a sacrificial altar of Ru.
 19070 | D:1      | Bought a potion of heal wounds for 115 gold pieces
 19403 | Temple   | Entered the Ecumenical Temple
 19536 | D:7      | Bought a tattered robe for 148 gold pieces
 19536 | D:7      | Identified the +0 robe of Light {Int+6} (You bought it in a
                  | shop on level 7 of the Dungeon)
 19663 | D:9      | Reached skill level 1 in Bows
 19949 | D:9      | Found an opulent altar of Gozag.
 20258 | D:9      | Noticed Erica
 20265 | D:9      | Killed Erica
 20330 | D:9      | Noticed Joseph
 20335 | D:9      | Killed Joseph
 20336 | D:9      | Reached skill level 12 in Stealth
 20987 | D:10     | Entered Level 10 of the Dungeon
 21028 | D:10     | Reached XP level 11. HP: 55/56 MP: 12/12
 21328 | D:10     | Noticed a two-headed ogre
 21335 | D:10     | Killed a two-headed ogre
 21336 | D:10     | Reached skill level 1 in Long Blades
 21594 | D:10     | Noticed a seven-headed hydra
 21781 | D:11     | Found Terchayd's Self-Improvement Boutique.
 22596 | D:11     | Found a staircase to the Lair.
 22614 | D:11     | You fall into a shaft and drop 3 floors!
 22750 | D:14     | Noticed a white ugly thing
 23416 | D:13     | Identified the +3 long sword of a Gauntlet {spect, MP+9
                  | Int+5 Dex-2}
 23712 | D:13     | Noticed a brown ugly thing
 23719 | D:13     | Killed a brown ugly thing
 23953 | D:13     | Noticed a boulder beetle
 23956 | D:13     | Killed a boulder beetle
 23956 | D:13     | Reached ** piety under Trog
 24661 | D:12     | Noticed a two-headed ogre
 24662 | D:12     | Noticed a boulder beetle
 24663 | D:12     | Found a staircase to the Orcish Mines.
 24739 | D:12     | Killed a two-headed ogre
 24740 | D:12     | Reached skill level 5 in Bows
 24740 | D:12     | Reached skill level 10 in Dodging
 24740 | D:12     | Reached skill level 13 in Stealth
 24988 | D:12     | Noticed Snorg
 25026 | D:12     | Mangled by a boulder beetle

Illustrated notes

Levels and vault maps discovered:
D:1:      dpeg_arrival_pits, layout_basic, serial_shops, shop_coins
D:2:      layout_basic
D:3:      layout_basic, marbit_many_paths, mainiacjoe_overflow_tiny_flanked,
          chequers_ecumenical_altar_simple, kennysheep_minor_cross, uniq_robin,
          uniq_crazy_yiuf_cottage, uniq_sigmund, uniq_natasha
D:4:      layout_basic
D:5:      layout_cave_pools, lemuel_tele_altar, serial_gnoll_camp,
          gnoll_camp_mini_shop, gnoll_camp_medium_01, gnoll_camp_mini_hut,
          gnoll_camp_mini_hut, gnoll_camp_medium_02, gnoll_camp_mini_shop,
          nicolae_ossuary_entry_giza, uniq_edmund, uniq_grinder, uniq_duvessa
D:6:      layout_basic, bloody_trog, minmay_temple_entry_drinking_statues,
          amcnicky_mini_corridor_feature
D:7:      layout_basic, elyvilon_altar_5, serial_shops, kennysheep_little_box,
          kennysheep_cross_room
D:8:      layout_basic, minitemple, enter_bailey_6
D:9:      layout_stronghold, pf_just_have_faith, kennysheep_big_empty_room,
          uniq_erica, uniq_joseph
D:10:     layout_stronghold
D:11:     layout_grid_maze, lair_entry_dummy, serial_shops,
          nicolae_shop_waterfront, shop, nicolae_shop_waterfront,
          nicolae_shop_self_help, uniq_fannar
D:12:     layout_irregular_city, david_orc_2, portal_ice_cave_entry_imps,
          uniq_snorg
D:13:     layout_grid_maze
D:14:     layout_gridville, grunt_vaults_entry_fortified,
          corexii_hall_statues_l, serial_bayou, serial_bayou_lagoon_a,
          serial_bayou_pond_c, serial_bayou_crossing, serial_bayou_pond_e,
          serial_bayou_lake_a, serial_bayou_pond_d, enter_trove_6,
          nrook_loot_triangle, lemuel_zombie_altar_kikubaaqudgha
Temple:   nicolae_temple_god_jail

Skill      XL: |  1  2  3  4  5  6  7  8  9 10 11 |
---------------+----------------------------------+-----
Slings         | 1 2 3 4 |  4.8
Stealth        | 6 7 9 10 12 13 | 13.0
Dodging        | 2 3 4 5 7 9 10 | 10.0
Short Blades   | 3 4 5 7 9 11 | 11.0
Fighting       | 2 3 5 6 |  6.5
Throwing       | 3 4 5 |  5.3
Bows           | 3 5 |  5.1
Long Blades    | 3 |  3.7

Action                   |  1- 3 |  4- 6 |  7- 9 | 10-12 || total
-------------------------+-------+-------+-------+-------++-------
Melee: Dagger            |     8 |    23 |   367 |    51 ||   449
       Short sword       |   122 |    56 |     3 |    48 ||   229
       Punch             |     2 |     1 |    17 |     3 ||    23
       Rapier            |       |       |   367 |   281 ||   648
       Headbutt          |       |       |    99 |    98 ||   197
 Fire: Shortbow          |       |       |       |   200 ||   200
Throw: Dart              |     2 |    24 |    63 |    41 ||   130
       Throwing net      |       |       |     6 |       ||     6
       Stone             |       |       |     1 |       ||     1
Invok: Berserk           |       |       |       |     7 ||     7
  Use: Potion            |       |       |    15 |     3 ||    18
       Scroll            |       |       |    10 |     7 ||    17
 Stab: Sleeping          |    18 |     5 |    36 |    16 ||    75
       Held in net/web   |       |       |     3 |       ||     3
       Distracted        |       |       |     4 |     1 ||     5
Armor: Robe              |    11 |     4 |    38 |    23 ||    76
Dodge: Dodged            |    81 |    38 |   592 |   692 ||  1403
